 Dungeon Crawl Stone Soup version 0.18.1-50-g88ac8fd (webtiles) character file.

391 Mgcat the Cudgeler (level 6, -16/51 HPs)
             Began as a Hill Orc Fighter on June 15, 2018.
             Demolished by an ogre
             ... wielding a +0 giant club
              (23 damage)
             ... on level 4 of the Dungeon.
             The game lasted 00:09:16 (3268 turns).

Mgcat the Cudgeler (Hill Orc Fighter)               Turns: 3268, Time: 00:09:17

Health: -16/51     AC: 10    Str: 21    XL:     6   Next: 80%
Magic:  6/6        EV:  5    Int:  8    God:
Gold:   214        SH:  9    Dex: 10    Spells: 0 memorised, 5 levels left

rFire  + . .     SeeInvis .     a - +0 flail
rCold  . . .     Gourm    .     v - +1 chain mail {rF+}
rNeg   + . .     Faith    .     c - +0 shield
rPois  .         Spirit   .     (no helmet)
rElec  .         Dismiss  +     (no cloak)
rCorr  .         Reflect  .     (no gloves)
SustAt .         Harm     .     (no boots)
MR     .....                    g - amulet of dismissal
Stlth  ..........               (no ring)
                                u - ring of positive energy {rN+}

@: not resistant to hostile enchantments, extremely unstealthy
A: no striking features
a: no special abilities


You were on level 4 of the Dungeon.
You were very hungry.

You visited 1 branch of the dungeon, and saw 4 of its levels.
You also visited: Sewer.

You collected 214 gold pieces.

Inventory:

Hand Weapons
 a - a +0 flail (weapon)
Armour
 c - a +0 shield (worn)
 v - a +1 chain mail of fire resistance (worn)
   (You found it on level 2 of the Dungeon)
Jewellery
 g - an amulet of dismissal (around neck)
   (You found it on level 4 of the Dungeon)
 u - a ring of positive energy (left hand) {rN+}
   (You found it on level 2 of the Dungeon)
Scrolls
 d - 3 scrolls of noise {unknown}
 e - a scroll of blinking {!r}
 h - 4 scrolls of teleportation
 m - 2 scrolls of enchant weapon {unknown}
 n - a scroll of enchant armour {unknown}
 p - 3 scrolls of identify {unknown}
 s - 2 scrolls of remove curse {unknown}
 t - a scroll of recharging
 w - a scroll of fog {unknown}
Potions
 i - a potion of invisibility {unknown}
 j - 3 potions of flight {unknown}
 k - 2 potions of curing {unknown}
 l - 5 potions of heal wounds {unknown}
 o - a potion of beneficial mutation {unknown}
 q - a potion of agility {unknown}
Comestibles
 b - a meat ration {@e2}
 f - 5 bread rations {@e1}
 r - a slice of pizza
 x - a royal jelly


   Skills:
 - Level 3.6 Fighting
 + Level 7.7 Maces & Flails
 - Level 3.2 Armour
 - Level 3.2 Shields


You had 5 spell levels left.
You didn't know any spells.

Dungeon Overview and Level Annotations

Branches:
Dungeon (4/15)
 Temple: D:4-7

Altars:
Ashenzari
Fedhas
Nemelex Xobeh
Okawaru
Xom
Yredelemnul


Message History

As you read the scroll labeled YBYKKO CIOCRORURUT, it crumbles to dust.
The creatures around you are filled with an inner flame!
It was a scroll of immolation.
Read which item? (? for menu, Esc to quit)
Okay, then.
Unknown command.
Read which item? (? for menu, Esc to quit)
As you read the scroll labeled QUURINK TOGU, it crumbles to dust.
It is a scroll of recharging.
You aren't carrying any rechargeable items.
You hit Amnesiac's ghost.
Amnesiac's ghost is lightly damaged.
Amnesiac's ghost hits you. Amnesiac's ghost freezes you.
You hit Amnesiac's ghost.
Amnesiac's ghost is moderately damaged.
Amnesiac's ghost hits you but does no damage.
You closely miss Amnesiac's ghost.
Amnesiac's ghost is moderately damaged.
Amnesiac's ghost hits you. Amnesiac's ghost freezes you.
You block Amnesiac's ghost's attack.
Your shield and chain mail prevent you from hitting Amnesiac's ghost.
Amnesiac's ghost is moderately damaged.
Amnesiac's ghost barely misses you.
You closely miss Amnesiac's ghost.
Amnesiac's ghost is moderately damaged.
Amnesiac's ghost barely misses you.
You hit Amnesiac's ghost but do no damage.
Amnesiac's ghost is moderately damaged.
Amnesiac's ghost hits you but does no damage.
You sock Amnesiac's ghost!
Amnesiac's ghost is heavily damaged.
You block Amnesiac's ghost's attack.
You closely miss Amnesiac's ghost.
Amnesiac's ghost is heavily damaged.
Amnesiac's ghost hits you. Amnesiac's ghost freezes you.
You sock Amnesiac's ghost!
Amnesiac's ghost is almost destroyed.
Amnesiac's ghost hits you but does no damage.
Amnesiac's ghost says, "How about a game of cards?"
Amnesiac's ghost hits you. Amnesiac's ghost freezes you.
You block Amnesiac's ghost's attack.
There is a stone staircase leading up here.
Amnesiac's ghost's inner flame fades away.
You closely miss Amnesiac's ghost.
Amnesiac's ghost is severely damaged.
You block Amnesiac's ghost's attack.
You hit Amnesiac's ghost.
Amnesiac's ghost is almost destroyed.
You block Amnesiac's ghost's attack.
You closely miss Amnesiac's ghost.
Amnesiac's ghost is almost destroyed.
Amnesiac's ghost hits you but does no damage.
You completely miss Amnesiac's ghost.
Amnesiac's ghost is almost destroyed.
You block Amnesiac's ghost's attack.
You closely miss Amnesiac's ghost.
Amnesiac's ghost is almost destroyed.
Amnesiac's ghost hits you. Amnesiac's ghost freezes you.
Amnesiac's ghost completely misses you.
You sock Amnesiac's ghost!
You destroy Amnesiac's ghost!
Your Maces & Flails skill increases to level 7!
s - 2 scrolls labeled JAOMUTW DOYCK (gained 1)
d - 3 scrolls labeled QOSSANA KOQIM
Found a runed centaur barding.
You are feeling very hungry.
You see here a runed centaur barding.
You see here 25 arrows.
g - a square cameo amulet Put on which piece of jewellery? (? for menu, Esc to quit)
The world spins around you!
g - an amulet of dismissal (around neck) Unknown command.
Unknown command.
An ogre comes into view. It is wielding a giant club.
The world stops spinning.
The ogre barely misses you.
You hit the ogre but do no damage. You hit the ogre.
The ogre is moderately wounded.
The ogre hits you with a giant club!!
Ouch! That really hurt!
You are too injured to fight recklessly!
You are too injured to fight recklessly!
You are too injured to fight recklessly!
You are too injured to fight recklessly!
You hit the ogre.
The ogre is moderately wounded.
The ogre hits you with a giant club!
* * * LOW HITPOINT WARNING * * *
You barely miss the ogre.
The ogre is moderately wounded.
The ogre hits you but does no damage.
You hit the ogre.
The ogre is heavily wounded.
The ogre hits you with a giant club!
* * * LOW HITPOINT WARNING * * *
You see here 25 arrows.
The ogre hits you with a giant club!!
You die...

##.###.#..#..##.######.#.#
#.###.#..#...#.######.#.###.
#.........>..................
##.###.#........#.####.#.##...
#....................#.#.#
#..###........#.#.#.##.#.##
...........................
#...........#.#####.####.##
#####...........@.[......#
..............#O###.######
..................#.#
######.#.#....#.#(#.# #
........##....#.#.#.####..
............#.#>#.#.......
#####.#.##.##.#.#.#.......
#.#.##.##.#.#.#.......
#####.#.##.##.#.#.#.......


You could see an ogre.

Vanquished Creatures
  The ghost of Amnesiac the Charlatan, an amateur VSAr (D:4)
  A big kobold (Sewer)
  An orc priest (D:3)
  An adder (D:2)
  4 river rats (Sewer)
  2 oozes (D:2)
  An adder skeleton (D:4)
  3 worms
  2 dart slugs (D:3)
  4 giant geckos
  6 orcs
  A ball python (D:2)
  9 bats
  4 giant cockroaches
  4 goblins
  8 hobgoblins
  6 jackals
  2 quokkas (D:2)
  2 giant newts
  4 kobolds
  5 rats
71 creatures vanquished.

Notes
Turn   | Place    | Note
--------------------------------------------------------------
     0 | D:1      | Mgcat the Hill Orc Fighter began the quest for the Orb.
     0 | D:1      | Reached XP level 1. HP: 19/19 MP: 1/1
   383 | D:1      | Reached XP level 2. HP: 21/26 MP: 2/2
   384 | D:1      | Reached skill level 3 in Maces & Flails
   942 | D:2      | Found a faded altar to an unknown god.
   972 | D:2      | Found a blossoming altar of Fedhas.
  1045 | D:2      | Reached XP level 3. HP: 31/31 MP: 3/3
  1190 | D:2      | Found a shimmering altar of Xom.
  1227 | D:2      | Reached skill level 4 in Maces & Flails
  1289 | D:2      | Found an iron altar of Okawaru.
  1696 | D:2      | Reached XP level 4. HP: 36/39 MP: 4/4
  1826 | D:3      | Found a sparkling altar of Nemelex Xobeh.
  1907 | D:3      | Reached skill level 5 in Maces & Flails
  2058 | D:3      | Found a basalt altar of Yredelemnul.
  2101 | D:3      | Found a shattered altar of Ashenzari.
  2170 | D:3      | Found a glowing drain.
  2189 | D:3      | Reached XP level 5. HP: 42/45 MP: 5/5
  2225 | Sewer    | Entered a sewer
  2505 | Sewer    | Noticed a big kobold
  2528 | Sewer    | Killed a big kobold
  2528 | Sewer    | Reached skill level 6 in Maces & Flails
  2528 | Sewer    | Reached XP level 6. HP: 41/51 MP: 6/6
  2553 | Sewer    | Found a white marble altar of Elyvilon.
  3097 | D:4      | Noticed Amnesiac's ghost (amateur VSAr)
  3133 | D:4      | Killed Amnesiac's ghost
  3133 | D:4      | Reached skill level 7 in Maces & Flails
  3255 | D:4      | HP: 5/51 [ogre/giant club (8)]
  3268 | D:4      | Demolished by an ogre

Skill      XL: |  1  2  3  4  5  6 |
---------------+-------------------+-----
Maces & Flails | 3 4 5 6 7 |  7.7
Fighting       | |  3.6
Armour         | |  3.2
Shields        | |  3.2

Action                   |  1- 3 |  4- 6 || total
-------------------------+-------+-------++-------
Melee: Flail             |   154 |   181 ||   335
  Use: Scroll            |       |     6 ||     6
       Potion            |       |     1 ||     1
  Eat: Chunk             |     2 |     3 ||     5
       Royal jelly       |       |     1 ||     1
Armor: Scale mail        |    84 |       ||    84
       Chain mail        |     7 |    84 ||    91
Dodge: Dodged            |    59 |    34 ||    93
Block: Shield            |   115 |    87 ||   202

Vault maps used:
D:1:      wheals_arrival_shading
D:2:      okawaru_altar_gauntlet_db, lemuel_crystal_altar, lemuel_doored_altar,
          ecumenical_altar_2, serial_co_window_serial,
          co_window_of_opportunity_a, co_window_paths_b, co_window_corner_a,
          co_window_corner_a, co_window_corner_a, co_window_cross_2,
          co_window_of_opportunity_b, co_window_corner_b,
          co_window_unsneaky_path_b, co_window_2corner,
          co_window_of_opportunity_c, glass_columns_a, glass_columns_b,
          first_bread
D:3:      lemuel_crystal_altar, lemuel_crystal_altar, ashenzari_altar_1,
          portal_sewer_entry_f, kennysheep_decorative_pillar
D:4:      lemuel_round_altar, temple_green, grunt_qazlal_sundering
Sewer:    sewer_kobolds

Table legend:
 A = Turns spent in this place as a percentage of turns spent in the entire game.
 B = Non-inter-level travel turns spent in this place as a percentage of non-inter-level travel turns spent in the entire game.
 C = Inter-level travel turns spent in this place as a percentage of turns spent in this place.
 D = Turns resting spent in this place as a percentage of non-inter-level travel turns spent in this place.
 E = Turns spent auto-exploring this place as a percentage of non-inter-level travel turns spent in this place.
 F = Non-inter-level travel turns spent in this place divided by the number of levels of this place that you've seen.
                   A       B       C       D       E      F
               +-------+-------+-------+-------+-------+----------------------
         Total | 100.0 | 100.0 |   0.5 |   0.7 |  14.7 | 201.6
       Dungeon |  89.6 |  89.6 |   0.6 |   0.2 |  15.0 | 225.8
         Sewer |  10.4 |  10.4 |   0.0 |   4.8 |  12.4 | 105.0
               +-------+-------+-------+-------+-------+----------------------

Table legend:
 A = Kills in this place as a percentage of kills in entire the game.
 B = Kills by you in this place as a percentage of kills by you in the entire game.
 C = Kills by friends in this place as a percentage of kills by friends in the entire game.
 D = Other kills in this place as a percentage of other kills in the entire game.
 E = Experience gained in this place as a percentage of experience gained in the entire game.
 F = Experience gained in this place divided by the number of levels of this place that you have seen.
                   A       B       C       D       E      F
               +-------+-------+-------+-------+-------+----------------------
         Total | 100.0 | 100.0 |  -nan |  -nan | 100.0 | 111.8
       Dungeon |  84.5 |  84.5 |  -nan |  -nan |  71.7 | 100.2
         Sewer |  15.5 |  15.5 |  -nan |  -nan |  28.3 | 158.0
               +-------+-------+-------+-------+-------+----------------------
